 Dungeon Crawl Stone Soup version 0.20-a0-556-g892c87b (webtiles) character file.

90 drasked the Magician (level 4, -1/24 HPs)
             Began as a Deep Elf Fire Elementalist on Feb 5, 2017.
             Slain by a kobold
             ... wielding a +0 dagger of draining
              (2 damage)
             ... on level 2 of the Dungeon.
             The game lasted 00:06:48 (1597 turns).

drasked the Magician (Deep Elf Fire Elementalist)   Turns: 1597, Time: 00:06:48

Health: -1/24      AC:  1    Str:  5    XL:     4   Next: 32%
Magic:  10/12      EV: 12    Int: 21    God:
Gold:   116        SH:  0    Dex: 15    Spells: 2/12 levels left

rFire    . . .     SeeInvis .   f - +2 dagger (speed)
rCold    . . .     Gourm    .   l - -1 robe (curse)
rNeg     . . .     Faith    .   (no shield)
rPois    .         Spirit   .   (no helmet)
rElec    .         Reflect  .   (no cloak)
rCorr    .         Harm     .   (no gloves)
MR       .....                  (no boots)
Stlth    ++........             (no amulet)
Regen    0.1/turn               (no ring)
                                (no ring)

@: lethally poisoned (-1 -> -6), drained
A: no striking features
a: no special abilities


You were on level 2 of the Dungeon.
You were hungry.

You visited 1 branch of the dungeon, and saw 2 of its levels.

You collected 116 gold pieces.

Inventory:

Hand Weapons
 f - a +2 dagger of speed (weapon)
   (You took it off a goblin on level 2 of the Dungeon)
Armour
 a - a +0 robe
 l - a cursed -1 robe (worn)
   (You found it on level 2 of the Dungeon)
Scrolls
 d - 3 scrolls of identify
 g - a scroll of magic mapping {!r}
Potions
 e - a potion of mutation {unknown}
 h - 2 potions of heal wounds
 i - a potion of haste {unknown}
 k - a potion of curing {unknown}
Books
 b - a book of Flames
Comestibles
 c - 2 bread rations {@e1}
 j - a royal jelly


   Skills:
 - Level 2.4(1.6) Dodging
 - Level 2.4(1.6) Stealth
 + Level 4.5(3.7) Spellcasting
 + Level 2.4(1.7) Conjurations
 + Level 4.2(3.5) Fire Magic


You had 2 spell levels left.
You knew the following spells:

 Your Spells              Type           Power        Failure   Level  Hunger
a - Flame Tongue          Conj/Fire      ##...        4%          1    None
c - Conjure Flame         Conj/Fire      ##......     14%         3    ###....
s - Sticky Flame          Conj/Fire      ##......     41%         4    ####...
x - Throw Flame           Conj/Fire      ##....       8%          2    ##.....


Dungeon Overview and Level Annotations

Branches:
Dungeon (2/15)

Altars:

Annotations:
D:2 Robin


Message History

The flame tongue misses the adder.
The goblin shouts!
The adder hisses angrily.
You now have 9/12 mp.
There is an open door here.
Aim: an adder The flame tongue hits the adder.
The adder misses you.
You now have 9/12 mp.
Aim: an adder (almost dead)
The flame tongue hits the adder.
You kill the adder!
You now have 8/12 mp.
Aim: a kobold, wielding a short sword The flame tongue hits the kobold.
You kill the kobold!
You now have 7/12 mp.
Aim: a hobgoblin The flame tongue hits the hobgoblin.
The hobgoblin appears unharmed.
You now have 6/12 mp.
Aim: a hobgoblin The flame tongue hits the hobgoblin.
The hobgoblin hits you.
You take 4 damage, and have 20/24 hp.
You now have 5/12 mp.
Aim: a hobgoblin (moderately wounded)
The flame tongue hits the hobgoblin.
You kill the hobgoblin!
You now have 4/12 mp.
Aim: a goblin, wielding a dagger of speed The flame tongue hits the goblin.
You kill the goblin!
Aim: a goblin The flame tongue hits the goblin.
You kill the goblin!
You now have 3/12 mp.
f - a dagger of speed
There is an open door here.
You see here a short sword.
Your hands tingle!
f - a +2 dagger of speed (weapon)
You see here a dagger.
You regained 2 mp, and now have 5/12 mp.
You start resting.
Health restored: 24; MP restored: 12 You may need something to eat soon, looking for food.
Can't find anything matching that.
Sorry, you're not good enough to have a special ability.
Unknown command.
Unknown command.
Unknown command.
You see here a stone.
You see here a stone.
Things that are here:
13 stones; an uncursed club; a hunting sling You open the door.
There is an open door here.
A kobold comes into view.
The kobold shouts!
A bat and a goblin come into view.
An adder comes into view.
A kobold comes into view. It is wielding a dagger of draining.
The kobold hits you.
You take 2 damage, and have 22/24 hp.
Aim: a kobold The flame tongue hits the kobold.
You kill the kobold!
The adder hisses angrily.
The kobold shouts!
The goblin throws a stone.
The stone hits you but does no damage.
The kobold throws a stone.
The stone closely misses you.
You now have 11/12 mp.
The goblin throws a stone.
The stone hits you.
The kobold throws a stone.
The stone hits you but does no damage.
You see here 2 stones.
You take 2 damage, and have 21/24 hp.
The kobold throws a stone.
The stone hits you but does no damage.
You see here a stone.
The bat closely misses you. The bat hits you but does no damage.
The kobold barely misses you.
Aim: an adder The flame tongue hits the adder.
The bat hits you but does no damage. The adder barely misses you.
The kobold hits you with a dagger of draining.
You feel drained.
You take 6 damage, and have 15/24 hp.
MASSIVE DAMAGE!!
You now have 10/12 mp.
Aim: an adder (lightly wounded)
The flame tongue hits the adder.
The bat closely misses you. The adder bites you.
You are poisoned.
The adder poisons you! The kobold hits you but does no damage.
You feel drained.
You take 5 damage, and have 10/24 hp.
MASSIVE DAMAGE!!
You now have 9/12 mp.
You feel sick. The bat closely misses you. The adder bites you.
* * * LOW HITPOINT WARNING * * *
The bat closely misses you.
The goblin throws a stone.
The stone closely misses you.
The kobold hits you with a dagger of draining.
* * * LOW HITPOINT WARNING * * *
You feel drained.
You die...

,*,***,*##....###........,,*
,*,,**,*#.....###........,,*
,*,,*,,,#......##........,,*
,*,,**,*#.#......(.......,,*
,*,,**,*#....#.##(#....#****
,,,,,,...........(†....#**
,,,**,......#....g#......*
,,,**,....#.#....S#..g...*****
,,,,*,....#.....@.#,.....,,,,*
,,,,,,...,#.....bK#*##...,,,,*
,,,,,,,,,.........#,,,...,,,,*
,,,,,,,,,.........#,,,,..,**,*
,*,,,,,,,...##(....,,,,,,,,,,*
,*,,,,,,*###*#......,,,,,,****
,*,,,,,,* #......,,,,,,*
,*,,,,,,* #.....##******
,*,,,,,,* **,,>,*


You could see an adder, a goblin, a bat and a kobold.

Vanquished Creatures
  2 adders (D:2)
  4 oozes (D:1)
  A dart slug (D:1)
  A leopard gecko (D:1)
  3 giant cockroaches (D:1)
  9 goblins
  5 hobgoblins
  6 jackals
  3 kobolds
  A ball python (D:1)
  2 bats
  2 frilled lizards (D:1)
  13 rats (D:1)
52 creatures vanquished.

Notes
Turn   | Place    | Note
-------+----------+-------------------------------------------
     0 | D:1      | drasked the Deep Elf Fire Elementalist began the quest for the Orb.
     0 | D:1      | Reached XP level 1. HP: 10/10 MP: 6/6
     1 | D:1      | Found a runed door.
   257 | D:1      | Reached XP level 2. HP: 15/15 MP: 5/8
   697 | D:1      | Reached XP level 3. HP: 19/19 MP: 7/10
   701 | D:1      | Learned a level 2 spell: Throw Flame
   705 | D:1      | Learned a level 3 spell: Conjure Flame
   911 | D:1      | Reached skill level 4 in Spellcasting
   916 | D:1      | Reached skill level 2 in Conjurations
   961 | D:1      | Reached skill level 4 in Fire Magic
  1183 | D:2      | Reached XP level 4. HP: 20/24 MP: 3/12
  1191 | D:2      | Learned a level 4 spell: Sticky Flame
  1309 | D:2      | Noticed Robin
  1597 | D:2      | HP: 5/24 [adder (4)]
  1597 | D:2      | HP: 1/24 [kobold/dagger of draining (4)]
  1597 | D:2      | Slain by a kobold

Vault maps used:
D:1:      dpeg_arrival_caged_fury, serial_bayou, serial_bayou_lagoon_a,
          serial_bayou_ford_a, serial_bayou_shore_b, serial_bayou_pond_c,
          minmay_misc_feat_enclosed, minmay_rat_gold_closets
D:2:      nicolae_ru_the_path_less_chosen, first_bread, uniq_robin

Skill      XL: |  1  2  3 |
---------------+----------+-----
Spellcasting   | 4 |  4.5
Conjurations   | 2 |  2.4
Fire Magic     | 4 |  4.2
Dodging        | |  2.4
Stealth        | |  2.4

Action                   |  1- 3 |  4- 6 || total
-------------------------+-------+-------++-------
 Cast: Flame Tongue      |    58 |    24 ||    82
  Use: Scroll            |       |     3 ||     3
  Eat: Chunk             |     1 |       ||     1
Armor: Robe              |     1 |     3 ||     4
Dodge: Dodged            |    21 |    18 ||    39

Vault maps used:
D:1:      dpeg_arrival_caged_fury, serial_bayou, serial_bayou_lagoon_a,
          serial_bayou_ford_a, serial_bayou_shore_b, serial_bayou_pond_c,
          minmay_misc_feat_enclosed, minmay_rat_gold_closets
D:2:      nicolae_ru_the_path_less_chosen, first_bread, uniq_robin

Table legend:
 A = Turns spent in this place as a percentage of turns spent in the entire game.
 B = Non-inter-level travel turns spent in this place as a percentage of non-inter-level travel turns spent in the entire game.
 C = Inter-level travel turns spent in this place as a percentage of turns spent in this place.
 D = Turns resting spent in this place as a percentage of non-inter-level travel turns spent in this place.
 E = Turns spent auto-exploring this place as a percentage of non-inter-level travel turns spent in this place.
 F = Non-inter-level travel turns spent in this place divided by the number of levels of this place that you've seen.
                   A       B       C       D       E      F
               +-------+-------+-------+-------+-------+----------------------
         Total | 100.0 | 100.0 |   1.1 |   5.1 |   9.1 | 274.5
       Dungeon | 100.0 | 100.0 |   1.1 |   5.1 |   9.1 | 274.5
               +-------+-------+-------+-------+-------+----------------------

Table legend:
 A = Kills in this place as a percentage of kills in entire the game.
 B = Kills by you in this place as a percentage of kills by you in the entire game.
 C = Kills by friends in this place as a percentage of kills by friends in the entire game.
 D = Other kills in this place as a percentage of other kills in the entire game.
 E = Experience gained in this place as a percentage of experience gained in the entire game.
 F = Experience gained in this place divided by the number of levels of this place that you have seen.
                   A       B       C       D       E      F
               +-------+-------+-------+-------+-------+----------------------
         Total | 100.0 | 100.0 |  -nan |  -nan | 100.0 |  64.5
       Dungeon | 100.0 | 100.0 |  -nan |  -nan | 100.0 |  64.5
               +-------+-------+-------+-------+-------+----------------------
